 Seeded DCSS version 0.29-a0-360-g8ed1089bbe (webtiles) character file.

Game seed: 2364543799250634364 (custom seed)

144782 zeratav the Cryomancer (level 16, -4/116 HPs)
             Began as a Demigod Ice Elementalist on Apr 28, 2022.
             Slain by Arachne
             ... wielding a staff of poison
              (7 damage)
             ... on level 2 of the Spider Nest.
             The game lasted 02:11:22 (32246 turns).

zeratav the Cryomancer (Demigod Ice Elementalist)  Turns: 32246, Time: 02:11:23

Health: -4/116     AC: 25    Str:  9    XL:     16   Next: 33%
Magic:  16/35      EV: 13    Int: 37    God:
Gold:   1642       SH:  0    Dex: 14    Spells: 5/35 levels left

rFire   + + +      SeeInvis .   f - +3 Elemental Staff {rElec rF++ rC++ AC+5}
rCold   + + .      Faith    .   (no shield)
rNeg    . . .      Spirit   .   v - +2 robe {rC+}
rPois   +          Reflect  .   I - +0 helmet
rElec   +          Harm     .   l - +0 cloak {Stlth+}
rCorr   .          Rampage  .   (no gloves)
Will    +....                   d - +0 pair of boots
Stlth   +++.......              K - amulet of regeneration {@e2}
HPRegen 1.09/turn               g - ring of wizardry
MPRegen 0.24/turn               Q - ring "Keituott" {Fire rPois}

@: ice-armoured, freezing walls
A: high MP 1, forlorn, divine attributes
a: no special abilities


You were on level 2 of the Spider Nest.
You visited 3 branches of the dungeon, and saw 21 of its levels.
You also visited: Sewer, Ossuary and Bailey.

You collected 2616 gold pieces.
You spent 974 gold pieces at shops.


Innate Abilities, Weirdness & Mutations

You have an increased reservoir of magic. (+10% MP)
You shall have no god before yourself.
Your divine heritage dramatically boosts your attributes as you level up.


   Skills:
 - Level 3.6 Fighting
 - Level 4.1 Dodging
 - Level 1.7 Stealth
 - Level 10.0 Spellcasting
 + Level 21.5 Ice Magic
 - Level 8.0 Air Magic


You had 5 spell levels left.
You knew the following spells:

 Your Spells              Type           Power      Damage    Failure   Level
a - Lightning Bolt        Conj/Air       32%        1d49      4%          5
b - Frozen Ramparts       Ice            100%       1d12      0%          3
c - Ozocubu's Armour      Ice            100%       N/A       0%          3
d - Hailstorm             Conj/Ice       99%        3d19      1%          4
e - Freezing Cloud        Conj/Ice/Air   58%        6-21      1%          5
f - Freeze                Ice            100%       1d11      0%          1
g - Polar Vortex          Ice            66%        N/A       13%         9

Your spell library contained the following spells:

 Spells                   Type           Power      Damage    Failure   Level
 Magic Dart               Conj           72%        1d6       1%          1
 Pain                     Necr           72%        1d7       1%          1
 Blink                    Tloc           36%        N/A       1%          2
 Searing Ray              Conj           36%        2d5       1%          2
 Static Discharge         Conj/Air       64%        N/A       1%          2
 Airstrike                Air            43%        N/A       1%          4
 Summon Lightning Spire   Summ/Air       64%        N/A       1%          4
 Call Canine Familiar     Summ           18%        N/A       2%          3
 Confusing Touch          Hex            18%        N/A       2%          3
 Lesser Beckoning         Tloc           18%        N/A       2%          3
 Portal Projectile        Hex/Tloc       36%        N/A       2%          3
 Fulminant Prism          Conj/Hex       9%         3d7       9%          4
 Leda's Liquefaction      Hex/Erth       13%        N/A       9%          4
 Agony                    Necr           18%        N/A       24%         5
 Excruciating Wounds      Necr           9%         N/A       24%         5
 Manifold Assault         Tloc           18%        N/A       24%         5
 Yara's Violent Unravell  Hex/Tmut       9%         3d6       24%         5
 Simulacrum               Ice/Necr       49%        N/A       1%          6
 Maxwell's Capacitive Co  Air            43%        ∞         88%         8
 Enfeeble                 Hex            9%         N/A       99%         7

Inventory:

Hand Weapons
 f - the +3 Elemental Staff (weapon) {rElec rF++ rC++ AC+5}
   (You acquired it on level 1 of the Dungeon)

   If the wielder is skilled in Evocations, they can discharge powerful blasts
   of elemental energy when striking with it.
   It enhances your fire, ice, earth and air magic.
   AC:        It affects your AC (+5).
   rF:        It greatly protects you from fire.
   rC:        It greatly protects you from cold.
   rElec:     It insulates you from electricity.
 G - the +6 war axe "Sun Eble" {drain, rF- Will++, axe}
   (You found it on level 9 of the Dungeon)

   A truly terrible weapon, it drains the life of any living foe it strikes.
   rF:        It makes you vulnerable to fire.
   Will:      It greatly increases your willpower.
 O - the +7 scythe "Beastslayer" {vamp, Fly Int+4 Stlth-, polearm}
   (You found it in a bailey)

   It occasionally heals its wielder for a portion of the damage dealt when it
   wounds a living foe.
   Int:       It affects your intelligence (+4).
   Fly:       It grants you flight.
   Stlth:     It makes you less stealthy.
Armour
 d - a +0 pair of boots (worn)
   (You found it on level 1 of the Dungeon)
 l - a +0 cloak of stealth (worn)
   (You found it on level 11 of the Dungeon)
 v - a +2 robe of cold resistance (worn)
   (You took it off a gnoll shaman on level 5 of the Dungeon)
 C - a +0 leather armour
   (You found it on level 1 of the Spider Nest)
 E - +0 acid dragon scales
   (You found it on level 9 of the Dungeon)
 I - a +0 helmet (worn)
   (You found it on level 4 of the Dungeon)
Jewellery
 g - a ring of wizardry (left hand)
   (You found it on level 1 of the Dungeon)
 q - a +4 ring of protection
   (You found it on level 3 of the Dungeon)
 x - a ring of resist corrosion
   (You found it on level 11 of the Dungeon)
 K - an amulet of regeneration (around neck) {@e2}
   (You bought it in a shop on level 7 of the Dungeon)
 L - a +4 ring of evasion
   (You found it on level 6 of the Dungeon)
 N - a ring of see invisible
   (You bought it in a shop on level 7 of the Dungeon)
 Q - the ring "Keituott" (right hand) {Fire rPois}
   (You bought it in a shop on level 7 of the Dungeon)

   [ring of fire]

   It enhances your fire magic.
   rF:        It protects you from fire.
   rC:        It makes you vulnerable to cold.
   rPois:     It protects you from poison.
Wands
 a - a wand of flame (67)
   (You found it on level 4 of the Dungeon)
 k - a wand of charming (5)
   (You found it on level 5 of the Lair of Beasts)
 s - a wand of acid (11)
   (You found it on level 5 of the Dungeon)
 w - a wand of iceblast (11)
   (You took it off a kobold on level 5 of the Dungeon)
 V - a wand of polymorph (9)
   (You found it on level 1 of the Lair of Beasts)
 W - a wand of mindburst (27)
   (You found it on level 8 of the Dungeon)
Scrolls
 c - 6 scrolls of immolation {!r!r}
 h - a scroll of vulnerability {!r!r}
 i - 8 scrolls of fear
 p - a scroll of summoning
 y - 5 scrolls of magic mapping {!r}
 z - 3 scrolls of holy word
 F - 3 scrolls of fog
 J - 8 scrolls of amnesia
 M - 7 scrolls of teleportation {@r4}
 P - 3 scrolls of enchant armour
 S - 3 scrolls of silence {!r}
Potions
 b - 3 potions of magic
 j - 11 potions of curing {@q1}
 m - 5 potions of brilliance
 n - 4 potions of ambrosia
 o - 5 potions of haste {@q3}
 r - 5 potions of attraction {!q}
 t - 5 potions of might
 u - 6 potions of mutation {!q}
 A - 3 potions of berserk rage {!q}
 D - 3 potions of flight
 H - 2 potions of heal wounds {@q2}
 U - 4 potions of lignification {!q}
 X - a potion of invisibility
Miscellaneous
 e - a box of beasts
   (You found it on level 12 of the Dungeon)

Dungeon Overview and Level Annotations

Branches:
Dungeon (13/15)            Temple (0/1) D:6            Lair (6/6) D:9
  Swamp (0/4) Lair:2       Spider (2/4) Lair:2          Orc (0/2) D:12
  Sewer (visited)         Ossuary (visited)          Bailey (visited)
  Slime: Lair:5-6    Vaults: D:13-14

Shops:
D:5 ?   D:7 =

Annotations:
D:10 2 transporters, Antichthon's ghost, journeyman OpBr
Spider:2 Arachne

###≈≈....#<^#....#,,,,,≈≈*
#≈≈≈.....#.§###.....,,*≈**
##≈≈≈.##..°#≈.#,..##,,*,,*
######...§#..##..#,,,*,,,
#§#§##..§.§.....#*..^.,,
#§§§§○#.§§#≈#....*.....#
##§§§§##§§#.##...#...#≈#
****#§##°§.H§§..#.....#≈#.#
**,*^##≈...@.§§§.#.##..#..^.
#......########....?........
##.....,,,.....?.......^###.
#^....,,,............###.#.
###...,,,,....##...........
##≈#,**,.,###..###.......
##***,,###.#....#.....#.
*,,,##.#...^........#.
*≈^,#^.##.......†#≈≈#.


You could see Arachne.


Message History

HP[+7]
You regained 7 hp, and now have 36/116 hp.
Casting: Frozen Ramparts (safe; 0% risk of failure)
Confirm with . or Enter, or press ? or * to list all spells.
Casting: Frozen Ramparts (safe; 0% risk of failure)
Press: ? - help, Dir - look around, f - activate A rock wall.
You feel a surge of power!
The walls around you are covered in ice.
The wall freezes Arachne.
Arachne's staff shoots out a stream of webbing.
The stream of webbing hits you but does no damage.
You are caught in a web!
HP[+1] MP[-3]
You lost 3 mp, and now have 22/35 mp.
Casting: Frozen Ramparts (safe; 0% risk of failure)
Confirm with . or Enter, or press ? or * to list all spells.
You feel a surge of power! A film of ice covers your body!
The wall freezes Arachne.
Arachne hits you but does no damage. Arachne envenoms you!
* * * LOW HITPOINT WARNING * * *
You are poisoned.
The wall freezes Arachne.
Arachne stares at you and mumbles some strange words.
The bolt of poison hits you but does no damage.
You resist.
HP[-7] MP[-3]
You take 7 damage, and now have 30/116 hp.
You lost 3 mp, and now have 19/35 mp.
You struggle to detach yourself from the web.
You feel sick.
The wall freezes Arachne!
Arachne casts a spell at you. The bolt of poison misses you.
MP[+1]
The web tears apart.
You feel sick.
You are no longer poisoned.
The wall freezes Arachne.
Arachne mumbles some strange words.
Arachne blinks!
Arachne casts a spell.
Arachne blinks!
You hit Arachne.
Arachne is engulfed in freezing vapours.
The wall freezes Arachne.
Arachne hits you with a staff of poison!
* * * LOW HITPOINT WARNING * * *
Arachne envenoms you.
* * * LOW HITPOINT WARNING * * *
You are poisoned.
The wall freezes the redback.
HP[-14]
You take 14 damage, and now have 16/116 hp.
You feel better.
Arachne is engulfed in freezing vapours.
The wall freezes Arachne.
Arachne hits you but does no damage. Arachne envenoms you.
* * * LOW HITPOINT WARNING * * *
Arachne is engulfed in freezing vapours.
The wall freezes Arachne.
Arachne says, "Come to my web."
Arachne hits you but does no damage. Arachne envenoms you.
* * * LOW HITPOINT WARNING * * *
You are poisoned.
HP[+8]
You regained 8 hp, and now have 24/116 hp.
Casting: Ozocubu's Armour (safe; 0% risk of failure)
Confirm with . or Enter, or press ? or * to list all spells.
Aiming: Freezing Cloud (mildly dangerous; 1% risk of failure)
Press: ? - help, Dir - move target You feel a strong surge of power!
You feel sick.
The redback is engulfed in freezing vapours.
The wall freezes the redback.
Arachne is engulfed in freezing vapours.
The wall freezes Arachne.
Arachne says, "Come to my web."
Arachne hits you with a staff of poison!
* * * LOW HITPOINT WARNING * * *
Arachne envenoms you.
* * * LOW HITPOINT WARNING * * *
The redback is engulfed in freezing vapours.
The wall freezes the redback.
The redback barely misses you.
HP[-21] MP[-4]
You take 21 damage, and now have 3/116 hp.
You lost 4 mp, and now have 16/35 mp.
You feel better.
Arachne is engulfed in freezing vapours.
The wall freezes Arachne.
Arachne hits you with a staff of poison.
* * * LOW HITPOINT WARNING * * *
Arachne envenoms you.
* * * LOW HITPOINT WARNING * * *
The wall freezes the redback!
You kill the redback!
Arachne is engulfed in freezing vapours.
The wall freezes Arachne.
Arachne says, "Come to my web."
Arachne hits you with a staff of poison.
* * * LOW HITPOINT WARNING * * *
Arachne envenoms you!
You die...

Skill      XL: |  1  2  3  4  5  6  7  8  9 10 11 12 13 14 15 16 |
---------------+-------------------------------------------------+-----
Spellcasting   | 2 3 4 5 10 | 10.0
Ice Magic      | 4 5 6 7 8 10 13 14 15 18 19 20 21 | 21.5
Dodging        | 3 4 |  4.1
Fighting       | 2 3 |  3.6
Air Magic      | 8 |  8.0
Stealth        | |  1.7

Action                   |  1- 3 |  4- 6 |  7- 9 | 10-12 | 13-15 | 16-18 || total
-------------------------+-------+-------+-------+-------+-------+-------++-------
Melee: Dagger            |     8 |       |       |       |       |       ||     8
       Staff             |    33 |    35 |   138 |   208 |    69 |    38 ||   521
       Punch             |       |       |     2 |     3 |     2 |     3 ||    10
 Cast: Freeze            |    43 |    69 |   205 |    33 |       |       ||   350
       Frozen Ramparts   |     1 |     2 |    53 |    46 |    16 |    21 ||   139
       Ozocubu's Armour  |       |       |    10 |    22 |    14 |    20 ||    66
       Hailstorm         |       |       |       |    33 |    23 |       ||    56
       Lesser Beckoning  |       |       |       |     3 |       |       ||     3
       Freezing Cloud    |       |       |       |   120 |   123 |    71 ||   314
       Lightning Bolt    |       |       |       |    20 |    62 |       ||    82
       Simulacrum        |       |       |       |     2 |       |       ||     2
Evoke: Wand              |       |       |     1 |       |     1 |       ||     2
  Use: Scroll            |     1 |       |       |    23 |    11 |     3 ||    38
       Potion            |       |       |       |     2 |     8 |     6 ||    16
 Stab: Sleeping          |     1 |     1 |       |       |       |       ||     2
Armor: Robe              |    36 |    38 |   222 |   207 |   129 |    86 ||   718
       Steam dragon scal |       |    53 |    70 |       |       |       ||   123
Dodge: Dodged            |    48 |   135 |   395 |   266 |   171 |    80 ||  1095

Levels and vault maps discovered:
D:1:      lemuel_arrival_hallway, layout_loops_ring,
          corexii_item_surrounded_by_moat
D:2:      layout_basic, basic_altar, chequers_ecumenical_altar_grove
D:3:      layout_basic
D:4:      layout_basic
D:5:      layout_cave_pods, gup_sewer_entry_pipe, serial_shops, shop,
          uniq_eustachio
D:6:      kennysheep_housing_project, layout_gridville,
          minmay_temple_entry_fiery
D:7:      layout_gridville, nicolae_ossuary_entry_monument, serial_shops,
          nicolae_shop_hallway_plus, uniq_prince_ribbit1
D:8:      layout_cave_pods, nicolae_ru_great_annihilating_truth
D:9:      layout_loops_ring, grunt_lair_entry_orc_guard_hut, enter_bailey_6,
          hangedman_decor_push, kennysheep_small_spiral, st_stairs_10
D:10:     layout_gridville, fedhas_bush_and_centaur_altar, gammafunk_ghost_hive,
          minmay_diced_spiral, uniq_erica
D:11:     layout_irregular_city
D:12:     layout_rooms, orc_0_dummy
D:13:     layout_cave_pools, hangedman_vaults_entry_quadrant_bands, uniq_lodul,
          uniq_snorg, uniq_josephine
Lair:1:   layout_misc_corridors
Lair:2:   layout_loops_ring, swamp_mist, spider_nest_entry_funnel_web,
          grunt_megastairs_3, lemuel_fruit_tree, lemuel_fruit_fields,
          uniq_fannar
Lair:3:   layout_loops_ring, minmay_lair_oklob_items, serial_bayou_shore_b
Lair:4:   layout_cave_shapes
Lair:5:   layout_cellular_growth, beast_lair_carwin_5, serial_bayou_shore_b,
          lemuel_fruit_fields, infiniplex_staircase_pool_2
Lair:6:   hangedman_lair_tendril_chambers, layout_regular_city, wormcave,
          minmay_slime_entry_pillars
Spider:1: layout_spider_delve
Spider:2: layout_spider_delve, uniq_kirke, uniq_arachne

Notes
Turn   | Place    | Note
-------+----------+-------------------------------------------
     0 | D:1      | zeratav the Demigod Ice Elementalist began the quest for
                  | the Orb.
     0 | D:1      | Reached XP level 1. HP: 14/14 MP: 5/5
     0 | D:1      | magus.rc [v1.9.6]
   708 | D:1      | Reached skill level 2 in Spellcasting
   729 | D:1      | Identified a scroll of acquirement
   729 | D:1      | Acquired the +3 Elemental Staff {rElec rF++ rC++ AC+5}
   729 | D:1      | Found the +3 Elemental Staff {rElec rF++ rC++ AC+5}
   739 | D:1      | Reached XP level 2. HP: 20/20 MP: 7/7
   742 | D:1      | Reached skill level 4 in Ice Magic
  1457 | D:2      | Reached XP level 3. HP: 26/26 MP: 5/9
  1564 | D:2      | Learned a level 3 spell: Frozen Ramparts
  2294 | D:3      | Reached XP level 4. HP: 33/33 MP: 4/10
  2313 | D:3      | Reached skill level 5 in Ice Magic
  2634 | D:3      | Reached XP level 5. HP: 38/38 MP: 8/12
  2678 | D:3      | Reached skill level 3 in Spellcasting
  3051 | D:4      | You pick up a book of the Hunter and begin reading...
  3051 | D:4      | You add the spells Call Canine Familiar, Portal Projectile
                  | and Leda's Liquefaction to your library.
  3079 | D:4      | Noticed a steam dragon
  3087 | D:4      | Killed a steam dragon
  3088 | D:4      | Reached skill level 6 in Ice Magic
  3088 | D:4      | Reached XP level 6. HP: 32/45 MP: 7/14
  3794 | D:5      | Entered Level 5 of the Dungeon
  3794 | D:5      | Noticed Eustachio
  3819 | D:5      | Killed Eustachio
  3820 | D:5      | Reached skill level 4 in Spellcasting
  3820 | D:5      | Reached skill level 7 in Ice Magic
  3820 | D:5      | Reached XP level 7. HP: 50/50 MP: 3/16
  4158 | D:5      | Found a glowing drain.
  4206 | Sewer    | Entered a sewer
  4670 | D:5      | Found Erchonab's Magic Scroll Boutique.
  4755 | D:5      | Learned a level 3 spell: Ozocubu's Armour
  4781 | D:5      | Reached skill level 8 in Ice Magic
  4957 | D:5      | Reached skill level 5 in Spellcasting
  4957 | D:5      | Reached XP level 8. HP: 57/57 MP: 15/19
  5402 | D:5      | Reached skill level 9 in Ice Magic
  6162 | D:6      | Reached skill level 10 in Ice Magic
  6475 | D:6      | Reached XP level 9. HP: 57/62 MP: 17/20
  6488 | D:6      | Reached skill level 11 in Ice Magic
  6691 | D:6      | Found a staircase to the Ecumenical Temple.
  7307 | D:7      | Found Jentur's Jewellery Shoppe.
  7312 | D:7      | Bought an amulet of regeneration for 360 gold pieces
  7518 | D:7      | Found a sand-covered staircase.
  7527 | Ossuary  | Entered an ossuary
  7777 | Ossuary  | Reached skill level 12 in Ice Magic
  8388 | D:7      | Noticed Prince Ribbit
  8393 | D:7      | Killed Prince Ribbit
  8544 | D:7      | Noticed a kobold demonologist
  8545 | D:7      | Noticed an orange demon
  8549 | D:7      | Killed a kobold demonologist
  8715 | D:8      | You pick up a book of Spatial Translocations and begin
                  | reading...
  8715 | D:8      | You add the spells Blink, Lesser Beckoning and Manifold
                  | Assault to your library.
  9026 | D:8      | Reached skill level 13 in Ice Magic
  9551 | D:8      | Reached XP level 10. HP: 36/61 MP: 11/21
  9735 | D:8      | Learned a level 4 spell: Hailstorm
 10190 | D:9      | Reached skill level 14 in Ice Magic
 10312 | D:9      | Found a flagged portal.
 10339 | D:9      | You pick up a book of Misfortune and begin reading...
 10339 | D:9      | You add the spells Confusing Touch, Yara's Violent
                  | Unravelling and Enfeeble to your library.
 10350 | Bailey   | Entered a bailey
 10446 | Bailey   | Learned a level 3 spell: Lesser Beckoning
 10632 | Bailey   | Reached skill level 2 in Dodging
 10635 | Bailey   | Reached skill level 1 in Fighting
 10765 | Bailey   | Acquired 704 gold pieces
 10788 | Bailey   | Noticed an orc sorcerer
 10792 | Bailey   | Noticed a rust devil
 10837 | Bailey   | Killed an orc sorcerer
 11024 | Bailey   | Noticed an orc knight
 11164 | Bailey   | Reached skill level 2 in Fighting
 11278 | Bailey   | Noticed a sun demon
 11278 | Bailey   | Killed an orc knight
 11279 | Bailey   | Reached skill level 3 in Dodging
 11390 | Bailey   | Identified the +1 plate armour "Cuicluuw" {rElec rF- Int+3}
 11403 | Bailey   | You pick up a book of Ice and begin reading...
 11403 | Bailey   | You add the spells Freezing Cloud, Simulacrum and Polar
                  | Vortex to your library.
 11456 | Bailey   | Identified the +5 war axe "Gucled" {freeze, rC+}
 11458 | Bailey   | Identified the +7 scythe "Beastslayer" {vamp, Fly Int+4
                  | Stlth-}
 11506 | D:9      | Reached XP level 11. HP: 32/81 MP: 16/22
 11557 | D:9      | Learned a level 5 spell: Freezing Cloud
 11737 | D:9      | HP: 19/78 [acid dragon/splash of acid (18)]
 11861 | D:9      | Identified the +6 war axe "Sun Eble" {drain, rF- Will++}
 12046 | D:9      | Reached skill level 3 in Fighting
 12049 | D:9      | Reached skill level 1 in Air Magic
 12053 | D:9      | Reached skill level 15 in Ice Magic
 12655 | D:9      | Reached skill level 4 in Dodging
 12806 | D:9      | Found a staircase to the Lair.
 12995 | D:10     | Entered Level 10 of the Dungeon
 13001 | D:10     | You pick up a book of Storms and begin reading...
 13001 | D:10     | You add the spells Airstrike, Summon Lightning Spire and
                  | Lightning Bolt to your library.
 13007 | D:10     | Found a transporter.
 13011 | D:10     | Found a transporter.
 13012 | D:10     | Noticed Antichthon's ghost (journeyman OpBr)
 13207 | D:10     | Reached skill level 2 in Air Magic
 13223 | D:10     | Noticed Erica
 13238 | D:10     | Killed Erica
 13239 | D:10     | Reached skill level 3 in Air Magic
 13390 | D:10     | Paralysed by a hornet for 3 turns
 13452 | D:10     | Reached skill level 4 in Air Magic
 13704 | D:10     | Reached skill level 5 in Air Magic
 14242 | D:10     | You pick up a book of Conjurations {@e2} and begin
                  | reading...
 14242 | D:10     | You add the spells Magic Dart, Searing Ray and Fulminant
                  | Prism to your library.
 14644 | D:11     | Reached skill level 6 in Air Magic
 14953 | D:11     | Noticed a two-headed ogre
 14962 | D:11     | Killed a two-headed ogre
 15116 | D:11     | Reached skill level 7 in Air Magic
 15495 | D:7      | Bought a ring of see invisible for 180 gold pieces
 15495 | D:7      | Bought the ring "Keituott" {Fire rPois} for 434 gold pieces
 15583 | Lair:1   | Entered Level 1 of the Lair of Beasts
 15724 | Lair:1   | Reached skill level 8 in Air Magic
 15724 | Lair:1   | Reached XP level 12. HP: 90/90 MP: 14/24
 15725 | Lair:1   | Reached skill level 6 in Spellcasting
 15982 | Lair:1   | Learned a level 6 spell: Simulacrum
 16406 | Lair:1   | Reached skill level 7 in Spellcasting
 16484 | Lair:1   | Learned a level 5 spell: Lightning Bolt
 17541 | Lair:2   | Reached skill level 8 in Spellcasting
 18149 | Lair:2   | Reached skill level 9 in Spellcasting
 18388 | Lair:2   | Noticed Fannar
 18411 | Lair:2   | Killed Fannar
 18637 | Lair:2   | Found a hole to the Spider Nest.
 18823 | Lair:2   | Found a staircase to the Swamp.
 19535 | Lair:3   | Reached skill level 10 in Spellcasting
 20648 | Lair:4   | Noticed a catoblepas
 20775 | Lair:4   | Killed a catoblepas
 20829 | Lair:4   | Reached XP level 13. HP: 96/96 MP: 19/31
 21017 | Lair:4   | Reached skill level 16 in Ice Magic
 21538 | Lair:4   | You pick up a book of Spatial Translocations and begin
                  | reading...
 22334 | Lair:5   | You pick up a book of Ice and begin reading...
 22835 | Lair:5   | Reached skill level 17 in Ice Magic
 24287 | Lair:6   | Entered Level 6 of the Lair of Beasts
 25231 | D:11     | Identified 2 potions of experience
 25234 | D:11     | Reached skill level 18 in Ice Magic
 25234 | D:11     | Reached XP level 14. HP: 103/103 MP: 32/32
 25235 | D:11     | Reached skill level 19 in Ice Magic
 25235 | D:11     | Reached XP level 15. HP: 108/108 MP: 33/33
 25246 | D:11     | Learned a level 9 spell: Polar Vortex
 25665 | D:11     | HP: 19/108 [large slime creature (36)]
 26644 | D:12     | Found a staircase to the Orcish Mines.
 26736 | D:13     | Noticed Lodul
 26778 | D:12     | HP: 22/108 [two-headed ogre/+0 giant spiked club (12)]
 27006 | D:13     | Noticed Josephine
 27088 | D:13     | Killed Lodul
 27399 | D:13     | Noticed Snorg
 27621 | D:13     | Killed Josephine
 27622 | D:13     | Reached skill level 20 in Ice Magic
 28189 | D:13     | Killed Snorg
 29013 | D:12     | Upgraded the game from 0.29-a0-359-g541a27f54d to
                  | 0.29-a0-360-g8ed1089bbe
 29013 | D:12     | magus.rc [v1.9.6]
 29208 | Spider:1 | Entered Level 1 of the Spider Nest
 29250 | Spider:1 | Reached XP level 16. HP: 116/116 MP: 32/35
 30643 | Spider:1 | You pick up a book of Pain and begin reading...
 30643 | Spider:1 | You add the spells Pain, Agony and Excruciating Wounds to
                  | your library.
 31003 | Spider:1 | You fall into a shaft and drop 1 floor!
 31011 | Spider:2 | Reached skill level 21 in Ice Magic
 31782 | Spider:1 | You pick up a book of Lightning and begin reading...
 31782 | Spider:1 | You add the spells Static Discharge and Maxwell's
                  | Capacitive Coupling to your library.
 32223 | Spider:2 | Noticed Arachne
 32235 | Spider:2 | HP: 23/116 [Arachne/staff of poison (7)]
 32243 | Spider:2 | HP: 19/116 [Arachne/staff of poison (12)]
 32245 | Spider:2 | HP: 7/116 [Arachne/staff of poison (17)]
 32245 | Spider:2 | HP: 3/116 [Arachne/staff of poison (4)]
 32246 | Spider:2 | Slain by Arachne

Vanquished Creatures
  2 entropy weavers (Spider:2)
  Snorg (D:13)
  Fannar (Lair:2)
  Josephine (D:13)
  2 boulder beetles
  3 hydras
  A radroach (Spider:1)
  A catoblepas (Lair:4)
  Erica (D:10)
  A centaur warrior (D:13)
  5 two-headed ogres
  A tengu warrior (D:13)
  3 death yaks (Lair:5)
  Lodul (D:13)
  A pharaoh ant (Spider:1)
  4 orb spiders
  A steelbarb worm (Spider:1)
  A deep elf archer (D:13)
  A deep elf zephyrmancer (D:13)
  4 deep elf pyromancers
  An orc knight (Bailey)
  An oklob plant (Lair:3)
  7 wolf spiders
  An orc sorcerer (Bailey)
  2 cyclopes (D:11)
  2 manticores
  2 moths of wrath
  4 elephants (Lair:5)
  6 black mambas
  2 gargoyles
  A torpor snail (Spider:1)
  A demonic crawler (Spider:2)
  3 centaur skeletons (D:13)
  2 unseen horrors (D:10)
  11 cane toads
  4 kobold demonologists
  A rime drake (Lair:5)
  9 komodo dragons
  3 tengu conjurers
  2 trolls
  2 hornets
  4 polar bears
  5 tarantellas
  Prince Ribbit (D:7)
  13 slime creatures
  19 blink frogs
  9 culicivoras
  7 wraiths
  9 wyverns
  26 jumping spiders
  Eustachio (D:5)
  55 yaks
  A vampire (D:11)
  2 steam dragons
  9 basilisks
  12 redbacks
  5 vampire mosquitoes
  5 acid dragons
  11 water moccasins
  17 orc warriors
  5 black bears
  3 ogres
  A sky beast (D:7)
  6 wolves (Lair:2)
  15 centaurs
  2 phantoms (D:5)
  8 kobold brigands
  10 bullfrogs
  A gnoll sergeant (D:11)
  4 scorpions
  17 wights
  5 water moccasin zombies (Ossuary)
  5 killer bees (D:9)
  4 howler monkeys
  4 electric eels (Bailey)
  7 hounds
  3 jellies
  3 gnoll shamans
  9 orc priests
  3 iguanas
  11 orc wizards
  2 mummies (Ossuary)
  20 gnolls
  9 adders
  4 river rats (Sewer)
  A shadow imp (D:5)
  3 white imps
  2 ufetubi
  7 adder zombies (Ossuary)
  A worm (D:2)
  3 dart slugs
  40 orcs
  7 bats
  9 endoplasms
  8 giant cockroaches
  3 gnoll zombies (Ossuary)
  15 goblins
  14 hobgoblins
  3 jackals (D:1)
  5 quokkas
  10 ball pythons
  5 frilled lizards
  6 hobgoblin zombies (Ossuary)
  33 kobolds
  8 kobold zombies (Ossuary)
  3 orc zombies (Ossuary)
  11 rats
  A butterfly (Lair:5)
673 creatures vanquished.

Vanquished Creatures (others)
  A deep elf pyromancer (D:12)
  A bush (D:10)
  58 fungi
  90 plants
150 creatures vanquished.

Grand Total: 823 creatures vanquished

Table legend:
 A = Non-vault XP
 B = Vault XP
 C = Vault XP percentage of total XP
 D = Non-vault monster count
 E = Vault monster count
 F = Vault count percentage of total count
                 A         B        C        D         E       F
            +---------+---------+-------+---------+---------+-------
      Total |   85827 |   26782 |  23.8 |     483 |     190 |  28.2
            +---------+---------+-------+---------+---------+-------
        D:1 |      39 |       0 |   0.0 |      23 |       0 |   0.0
        D:2 |      33 |       0 |   0.0 |      16 |       0 |   0.0
        D:3 |     274 |       0 |   0.0 |      24 |       0 |   0.0
        D:4 |     303 |       0 |   0.0 |      17 |       0 |   0.0
        D:5 |    1232 |     234 |  16.0 |      45 |      11 |  19.6
        D:6 |     773 |    1009 |  56.6 |      13 |      30 |  69.8
        D:7 |    1132 |     274 |  19.5 |      18 |       1 |   5.3
        D:8 |     901 |       5 |   0.6 |      14 |       4 |  22.2
        D:9 |    5723 |    1084 |  15.9 |      59 |       7 |  10.6
       D:10 |    2186 |    1664 |  43.2 |      11 |       5 |  31.2
       D:11 |    7554 |       0 |   0.0 |      25 |       0 |   0.0
       D:12 |    4911 |    3862 |  44.0 |      20 |       7 |  25.9
       D:13 |    4452 |    7291 |  62.1 |      10 |      19 |  65.5
     Lair:1 |    5037 |       0 |   0.0 |      20 |       0 |   0.0
     Lair:2 |    7736 |    2196 |  22.1 |      34 |       7 |  17.1
     Lair:3 |    4088 |     557 |  12.0 |      17 |       1 |   5.6
     Lair:4 |    6593 |       0 |   0.0 |      26 |       0 |   0.0
     Lair:5 |    7471 |    2183 |  22.6 |      21 |       5 |  19.2
     Lair:6 |       0 |    2483 | 100.0 |       0 |       9 | 100.0
   Spider:1 |   14278 |       0 |   0.0 |      41 |       0 |   0.0
   Spider:2 |   11111 |       0 |   0.0 |      29 |       0 |   0.0
      Sewer |       0 |     103 | 100.0 |       0 |      16 | 100.0
    Ossuary |       0 |     490 | 100.0 |       0 |      34 | 100.0
     Bailey |       0 |    3347 | 100.0 |       0 |      34 | 100.0
            +---------+---------+-------+---------+---------+-------

Illustrated notes

Table legend:
 A = Kills in this place as a percentage of kills in entire the game.
 B = Kills by you in this place as a percentage of kills by you in the entire game.
 C = Kills by friends in this place as a percentage of kills by friends in the entire game.
 D = Other kills in this place as a percentage of other kills in the entire game.
 E = Experience gained in this place as a percentage of experience gained in the entire game.
 F = Experience gained in this place divided by the number of levels of this place that you have seen.
                   A       B       C       D       E      F
               +-------+-------+-------+-------+-------+----------------------
         Total | 100.0 | 100.0 |   N/A | 100.0 | 100.0 | 4692.0
       Dungeon |  56.3 |  56.2 |   N/A | 100.0 |  39.9 | 3456.6
          Lair |  20.8 |  20.8 |   N/A |   0.0 |  34.1 | 6390.7
   Spider Nest |  10.4 |  10.4 |   N/A |   0.0 |  22.5 | 12694.5
         Sewer |   2.4 |   2.4 |   N/A |   0.0 |   0.1 | 103.0
       Ossuary |   5.1 |   5.1 |   N/A |   0.0 |   0.4 | 490.0
        Bailey |   5.1 |   5.1 |   N/A |   0.0 |   3.0 | 3347.0
               +-------+-------+-------+-------+-------+----------------------

Table legend: (Time is in decaauts)
 A = Elapsed time spent in this place.
 B = Non-inter-level travel time spent in this place.
 C = Inter-level travel time spent in this place.
 D = Time resting spent in this place.
 E = Time spent auto-exploring this place.
 F = Levels seen in this place.
 G = Mean time per level.
                   A        B        C        D        E       F      G
               +--------+--------+--------+--------+--------+-----+--------+
         Total |  32502 |  30868 |   1634 |  12741 |   9688 |  24 | 1354.2 |
       Dungeon |  18123 |  16930 |   1193 |   5071 |   7566 |  13 | 1394.1 |
          Lair |   9285 |   8884 |    401 |   4964 |   1558 |   6 | 1547.5 |
   Spider Nest |   3055 |   3016 |     39 |   2022 |    213 |   2 | 1527.5 |
         Sewer |    445 |    445 |      0 |     17 |    309 |   1 |  445.0 |
       Ossuary |    442 |    442 |      0 |    121 |     40 |   1 |  442.0 |
        Bailey |   1149 |   1149 |      0 |    546 |      0 |   1 | 1149.0 |
               +--------+--------+--------+--------+--------+-----+--------+

Top non-repeatable levels by time:
    D:11: 2245 daAuts
Spider:1: 2194 daAuts
  Lair:1: 2111 daAuts
     D:9: 1970 daAuts
  Lair:5: 1919 daAuts
  Lair:2: 1813 daAuts
    D:12: 1700 daAuts
  Lair:4: 1684 daAuts
     D:5: 1587 daAuts
    D:10: 1529 daAuts
     D:8: 1465 daAuts
     D:6: 1452 daAuts
  Lair:3: 1425 daAuts
     D:1: 1358 daAuts
    D:13: 1271 daAuts
